 Dungeon Crawl Stone Soup version 0.31-a0-845-g9abc20d24f (webtiles) character file.

Game seed: 6364650791290710574

104 IdlyInterested the Trooper (level 4, -8/35 HPs)
             Began as a Demonspawn Wanderer on Oct 2, 2023.
             Mangled by Crazy Yiuf
             ... wielding a +3 quarterstaff of chaos
              (15 damage)
             ... on level 2 of the Dungeon.
             The game lasted 00:05:32 (2304 turns).

IdlyInterested the Trooper (Demonspawn Wanderer)    Turns: 2304, Time: 00:05:32

Health: -8/35      AC:  9    Str: 13 (14) XL:     4   Next: 52%
Magic:  5/5        EV:  6    Int: 12 (14) God:
Gold:   119        SH:  4    Dex: 10 (12) Spells: 4/5 levels left

rFire   . . .        a - +0 spear
rCold   . . .        (no shield)
rNeg    . . .        l - +0 chain mail
rPois   .            q - +0 helmet
rElec   .            (no cloak)
rCorr   .            (no gloves)
SInv    .            (no boots)
Will    .....        (no amulet) Stlth
                     (no ring)
HPRegen 0.25/turn    (no ring)
MPRegen 0.09/turn

%: no passive effects
@: no status effects
A: large bone plates 1, demonic touch 1
a: no special abilities


You were on level 2 of the Dungeon.
You visited 1 branch of the dungeon, and saw 2 of its levels.

You collected 119 gold pieces.

Inventory:

Hand Weapons
 a - a +0 spear (weapon)
 c - a +0 dagger
Missiles
 b - 13 poisoned darts (quivered)
 h - 2 throwing nets
Armour
 e - a +0 leather armour
 l - a +0 chain mail (worn)
 q - a +0 helmet (worn)
Jewellery
 o - an amulet of faith
Scrolls
 f - 2 scrolls of amnesia {unknown}
 i - 2 scrolls of enchant armour {unknown}
 k - a scroll of immolation {unknown}
 n - a scroll of vulnerability {unknown}
 p - 2 scrolls of teleportation {unknown}
Potions
 d - a potion of heal wounds
 g - a potion of attraction {unknown}
 j - 3 potions of curing {unknown}
 m - a potion of resistance {unknown}


   Skills:
 + Level 3.5 Fighting
 + Level 2.3 Polearms
 - Level 1.0 Throwing
 - Level 1.0 Armour
 - Level 1.0 Dodging
 - Level 1.0 Stealth
 - Level 1.0 Spellcasting
 - Level 3.0 Fire Magic
 - Level 1.0 Evocations


You had 4 spell levels left.
You knew the following spells:

 Your Spells              Type           Power      Damage    Failure   Level
a - Foxfire               Conj/Fire      16%        2x1d4     98%         1

Your spell library contained the following spells:

 Spells                   Type           Power      Damage    Failure   Level
 Flame Wave               Conj/Fire      4%         2d5       100%        4
 Sticky Flame             Conj/Fire      4%         2d3       100%        4
 Haunt                    Necr/Summ      0%         N/A       100%        7
 Borgnjor's Revivificati  Necr           0%         N/A       100%        8
 Death's Door             Necr           0%         N/A       100%        9


Dungeon Overview and Level Annotations

Branches:
Dungeon (2/15)

Altars:

Annotations:
D:2 Crazy Yiuf


Innate Abilities, Weirdness & Mutations

You are partially covered in large bone plates. (SH +4)
Your touch may inflict minor irresistible damage on your foes.


Message History

The gnoll is almost dead.
The gnoll hits you with a +0 club.
You hit the gnoll.
You kill the gnoll!
You feel your dexterity returning.
You start resting.
HP restored.
Items here: ))) †.
Okay, then.
Things that are here:
a +0 dagger; a goblin corpse You see here a hobgoblin corpse.
There is an open door here.
Things that are here:
a +0 dagger; a goblin corpse You enter the shallow water.
Moving in this stuff is going to be slow.
Found a dagger.
Found a runed translucent door.
Crazy Yiuf shouts!
Crazy Yiuf says, "Tonal water ena!"
You see here a +0 leather armour.
You see here a hobgoblin skeleton.
There is an open door here.
Things that are here:
a +0 dagger; a goblin skeleton Crazy Yiuf shouts!
Crazy Yiuf laughs, "Spliff!"
You open the door.
You aren't carrying any items that you can evoke.
Unknown command.
You closely miss Crazy Yiuf. Your touch misses Crazy Yiuf.
Crazy Yiuf hits you but does no damage.
You are electrocuted!!
Ouch! That really hurt!
You barely miss Crazy Yiuf.
Crazy Yiuf grits, "Mama!
Rot koolooloo sanguine."
Crazy Yiuf hits you with a +3 quarterstaff of chaos!
* * * LOW HITPOINT WARNING * * *
You convulse!
You die...

.####.........####...##########..
.)..'...........÷..............[.
.####..........###...##########..
...###..######## ##### #.# .#.#
##.# #.# .#.# ### #.. )#.# ######
### #.. .#.####....## ###..)# #..
##.##.......####@g...# ###
##.##.#......#..##...# #
##.##.##....#.### ### #
........####### # ###.....# #
###.....####### # ...........)..#
# ~~~~......##### # .~........# #


You could see Crazy Yiuf.

Vanquished Creatures
  3 gnolls (D:2)
  2 adders (D:2)
  4 dart slugs (D:1)
  2 ball pythons (D:1)
  4 endoplasms
  A giant cockroach (D:2)
  6 goblins
  9 hobgoblins
  2 jackals (D:1)
  A kobold (D:1)
  2 quokkas (D:1)
  5 bats
  3 frilled lizards (D:1)
  3 rats (D:1)
47 creatures vanquished.

Notes
Turn   | Place    | Note
-------+----------+-------------------------------------------
     0 | D:1      | IdlyInterested the Demonspawn Wanderer began the quest for
                  | the Orb.
     0 | D:1      | IdlyInterested set off with the following items: a +0
                  | spear, 8 poisoned darts, a +0 dagger, a potion of heal
                  | wounds, a +0 leather armour; and the following spell
                  | memorised: Foxfire; and the following spells available to
                  | memorise: Flame Wave, Sticky Flame.
     0 | D:1      | Reached XP level 1. HP: 16/16 MP: 2/2
   205 | D:1      | Gained mutation: Your touch may inflict minor irresistible
                  | damage on your foes. [demonic ancestry]
   205 | D:1      | Reached XP level 2. HP: 21/23 MP: 3/3
   261 | D:1      | Reached skill level 1 in Armour
   559 | D:1      | Reached skill level 1 in Stealth
   640 | D:1      | Reached XP level 3. HP: 24/28 MP: 4/4
   778 | D:1      | Reached skill level 1 in Evocations
  1878 | D:2      | Gained mutation: You are partially covered in large bone
                  | plates. (SH +4) [demonic ancestry]
  1878 | D:2      | Reached XP level 4. HP: 35/35 MP: 5/5
  2096 | D:2      | Found a runed translucent door.
  2097 | D:2      | Noticed Crazy Yiuf
  2304 | D:2      | Mangled by Crazy Yiuf

Illustrated notes

Levels and vault maps discovered:
D:1:      sevenhm_arrival_forest_fort_large_4, layout_basic,
          chequers_serial_rivers_micro_c, minmay_misc_feat_more_columns,
          st_stairs_8, minmay_octomino_c4
D:2:      layout_loops_corners, chequers_serial_rivers_micro_c,
          nicolae_houndstooth_variations, uniq_crazy_yiuf_cottage

Skill      XL: |  1  2  3 |
---------------+----------+-----
Polearms       | 2 |  2.3
Armour         | 1 |  1.0
Stealth        | 1 |  1.0
Evocations     | 1 |  1.0
Fighting       | 3 |  3.5
Fire Magic     | 3 |  3.0
Throwing       | |  1.0
Dodging        | |  1.0
Spellcasting   | |  1.0

Action                     |  1- 3 |  4- 6 || total
---------------------------+-------+-------++-------
  Melee: Spear             |   144 |    19 ||   163
         Touch             |    17 |     1 ||    18
  Throw: Dart              |     2 |       ||     2
    Use: Potion            |     1 |       ||     1
 Armour: Leather armour    |    66 |       ||    66
         Chain mail        |    26 |    11 ||    37
  Dodge: Dodged            |    67 |     3 ||    70

Table legend: (Time is in decaauts)
 A = Elapsed time spent in this place.
 B = Non-inter-level travel time spent in this place.
 C = Inter-level travel time spent in this place.
 D = Time resting spent in this place.
 E = Time spent auto-exploring this place.
 F = Levels seen in this place.
 G = Mean time per level.
                   A        B        C        D        E       F      G
               +--------+--------+--------+--------+--------+-----+--------+
         Total |   2304 |   2134 |    170 |    260 |   1407 |   2 | 1152.0 |
       Dungeon |   2304 |   2134 |    170 |    260 |   1407 |   2 | 1152.0 |
               +--------+--------+--------+--------+--------+-----+--------+

Top non-repeatable levels by time:
     D:1: 1295 daAuts
     D:2: 1009 daAuts
